AoeStats
← ᅚᅚᅚᅚ

Oasis

509433087Analyzed
3v3 RM · 4d ago on Sep 26, 2026· 51m 19s· 6 players
Game mode
Random Map
Map size
Normal (6 player)
Population
200
Speed
Normal
Resources
Standard
Victory
Conquest
Starting age
Dark Age
Ending age
Imperial Age
RankedLock teamsTeams togetherTeam positionsShared explorationLock speedFull tech treeHidden civsTurbo modeCheats
Victory
Defeat
🇩🇪 Saxons · Germany
1322
+20
🇨🇱 Britons · Chile
1289
+21
🇨🇱 Sicilians · Chile
1259
+24
🇮🇹 Celts · Italy
1454
-23
🇧🇷 Saracens · Brazil
1397
-21
🇧🇷 Bohemians · Brazil
1389
-21
Guido
7:11 Loom
9:25 Feudal Age
9:58 Double-Bit Axe
9:54 Horse Collar
15:44 Wheelbarrow
18:52 Castle Age
17:23 Gold Mining
18:05 Town Watch
19:57 Heavy Plow
21:07 Gold Shaft Mining
20:54 Bow Saw
21:34 Stone Mining
22:17 Husbandry
31:42 Imperial Age
29:30 Hand Cart
30:22 Forging
30:18 Scale Barding Armor
30:26 Bloodlines
31:44 Iron Casting
33:04 Chain Barding Armor
33:06 Conscription
32:12 Heavy Camel Rider
33:58 Coinage
35:01 Blast Furnace
33:23 Elite Mameluke
35:39 Two-Man Saw
34:41 Town Patrol
35:23 Plate Barding Armor
36:29 Arson
36:46 Squires
37:00 Masonry
37:52 Chemistry
38:48 Siege Engineers
39:18 Ballistics
38:51 Fletching
40:17 Hoardings
Tabosa
7:57 Loom
10:38 Feudal Age
15:22 Castle Age
13:50 Double-Bit Axe
13:51 Horse Collar
16:37 Wheelbarrow
16:29 Bow Saw
20:21 Heavy Plow
22:36 Hand Cart
27:08 Forging
27:14 Pikeman
34:06 Imperial Age
33:38 Iron Casting
33:05 Scale Mail Armor
34:52 Chemistry
35:40 Ballistics
35:14 Fletching
35:44 Halberdier
38:13 Conscription
38:02 Arson
38:17 Squires
40:00 Wagenburg Tactics
42:07 Bodkin Arrow
42:30 Houfnice
44:45 Onager
Praecursor
7:14 Loom
9:17 Feudal Age
9:51 Double-Bit Axe
10:52 Horse Collar
19:46 Castle Age
18:20 Scale Mail Armor
18:46 Man-at-Arms
19:44 Gold Mining
20:42 Bow Saw
21:15 Wheelbarrow
21:09 Long Swordsman
22:07 Arson
25:22 Stone Mining
25:36 Heavy Plow
27:55 Gambesons
30:09 Chain Mail Armor
29:20 Pikeman
31:43 Forging
31:23 Fletching
33:36 Gold Shaft Mining
37:51 Imperial Age
36:16 Iron Casting
35:36 Bodkin Arrow
35:57 Stronghold
36:47 Stone Shaft Mining
38:35 Caravan
37:58 Capped Ram
38:11 Halberdier
39:15 Conscription
39:27 Plate Mail Armor
40:34 Blast Furnace
40:35 Siege Ram
41:03 Two-Handed Swordsman
42:40 Hand Cart
42:11 Town Watch
43:13 Furor Celtica
43:13 Scale Barding Armor
43:09 Padded Archer Armor
42:31 Champion
43:46 Masonry
44:38 Chemistry
46:22 Stronghold
46:58 Ballistics
46:38 Murder Holes
48:32 Onager
49:30 Siege Engineers
Ryzeres
10:12 Feudal Age
11:15 Loom
12:51 Horse Collar
13:14 Town Watch
13:37 Double-Bit Axe
14:50 Double-Bit Axe
21:26 Castle Age
21:07 Wheelbarrow
23:37 Scale Mail Armor
26:51 Hand Cart
27:32 Bow Saw
27:25 Heavy Plow
29:49 Fortified Wall
37:29 Imperial Age
36:40 Masonry
36:48 Squires
36:33 Arson
36:36 Gambesons
37:32 Chain Mail Armor
38:57 Scale Barding Armor
39:26 Plate Mail Armor
38:23 Shield Wall
38:28 Elite Varangian Guard
39:46 Architecture
40:43 Conscription
42:03 Hoardings
41:41 Forging
51:44 Two-Man Saw
51:18 Crop Rotation
Pelantaro
7:03 Loom
9:27 Feudal Age
11:39 Double-Bit Axe
12:08 Horse Collar
14:22 Town Watch
20:22 Castle Age
19:17 Gold Mining
20:21 Wheelbarrow
21:45 Bow Saw
26:51 Crossbowman
29:09 Stone Mining
29:34 Fletching
32:35 Forging
32:30 Bodkin Arrow
32:44 Scale Mail Armor
34:12 Iron Casting
34:10 Bloodlines
35:49 Ballistics
36:03 Chain Mail Armor
36:03 Murder Holes
41:30 Imperial Age
41:51 Padded Archer Armor
42:12 Crossbowman
43:27 Bracer
43:51 Conscription
44:31 Leather Archer Armor
ᅚᅚᅚᅚ
7:55 Loom
9:41 Feudal Age
7:59 Loom
12:24 Wheelbarrow
13:30 Double-Bit Axe
16:30 Castle Age
15:17 Scale Barding Armor
21:08 Husbandry
25:20 Chain Barding Armor
25:10 Forging
27:26 Gold Mining
27:22 Horse Collar
29:01 Iron Casting
29:25 Fletching
30:30 Bodkin Arrow
31:49 Hand Cart
36:52 Imperial Age
35:40 Bow Saw
35:31 Heavy Plow
36:09 Gold Shaft Mining
35:41 Padded Archer Armor
36:03 Ballistics
36:58 Town Watch
37:30 Leather Archer Armor
38:25 Conscription
37:26 Elite Longbowman
38:30 Yeomen
39:01 Light Cavalry
39:59 Bracer
42:29 Plate Barding Armor
42:54 Blast Furnace
45:16 Ring Archer Armor
47:12 Chemistry
45:54 Treadmill Crane
46:20 Siege Engineers
Connection lost

Rejoining the realm…

Still unreachable

The connection could not be restored.

Session expired

The server has moved on; the page needs a fresh start.